TOP OF THE 1ST |
University of Florida Gators batting - Pitching for University of Nebraska Cornhuskers : RHP Russ Robinson
|
Pitching: RHP Russ Robinson
|
|
Batting: RHB Hyeon-cheong Lee
|
0-0: Fly out, F8 (Flyball, 8RD, EV 92.5 MPH)
|
Batting: RHB Matt Ladd
|
0-0: Ground out 6-3 (Groundball, 6M, EV 89.4 MPH)
|
Batting: RHB George Bigalow
|
0-0: Called Strike 0-1: Ball 1-1: Ball 2-1: Ball 3-1: Swinging Strike 3-2: Strikes out looking
|
Top of the 1st over - 0 runs, 0 hits, 0 errors, 0 left on base; University of Florida 0 - University of Nebraska 0 |
BOTTOM OF THE 1ST |
University of Nebraska Cornhuskers batting - Pitching for University of Florida Gators : LHP Antonio Mendoza
|
Pitching: LHP Antonio Mendoza
|
|
Batting: LHB Luis Ponce
|
0-0: Fly out, F8 (Flyball, 8LM, EV 81.2 MPH)
|
Batting: LHB Lupe Garcia
|
0-0: Ball 1-0: Ball 2-0: Called Strike 2-1: Ball 3-1: Base on Balls
|
Batting: LHB Jose Simental
|
0-0: Ball 1-0: Foul Ball, location: 2F 1-1: Fly out, F7 (Flyball, 7D, EV 95.6 MPH)
|
Batting: SHB Ed Thorpe Jr.
|
0-0: Foul Ball, location: 2F 0-1: Ball 1-1: Called Strike 1-2: Strikes out swinging
|
Bottom of the 1st over - 0 runs, 0 hits, 0 errors, 1 left on base; University of Florida 0 - University of Nebraska 0 |
TOP OF THE 2ND |
University of Florida Gators batting - Pitching for University of Nebraska Cornhuskers : RHP Russ Robinson
|
Batting: RHB Liann-wei Tian
|
0-0: Ball 1-0: Called Strike 1-1: Called Strike 1-2: Strikes out swinging
|
Batting: RHB Mike Paynter
|
0-0: Foul Ball, location: 2F 0-1: Ground out 4-3 (Groundball, 4, EV 100.0 MPH)
|
Batting: RHB Eric Amaya
|
0-0: Ball 1-0: Called Strike 1-1: Ball 2-1: Foul Ball, location: 2F 2-2: Ball 3-2: Base on Balls
|
Batting: RHB Rafael Casas
|
0-0: Ball 1-0: Swinging Strike 1-1: Ball 2-1: Called Strike 2-2: Foul Ball, location: 2F 2-2: Ball 3-2: Fly out, F6 (Line Drive, 6, EV 68.8 MPH)
|
Top of the 2nd over - 0 runs, 0 hits, 0 errors, 1 left on base; University of Florida 0 - University of Nebraska 0 |
BOTTOM OF THE 2ND |
University of Nebraska Cornhuskers batting - Pitching for University of Florida Gators : LHP Antonio Mendoza
|
Batting: LHB Bob Appleby
|
0-0: Ball 1-0: Foul Ball, location: 2F 1-1: Ground out 1-3 (Groundball, 13S, EV 73.1 MPH)
|
Batting: RHB Alex Gonzalez
|
0-0: Ball 1-0: Foul Ball, location: 2F 1-1: Ball 2-1: Swinging Strike 2-2: Ball 3-2: Strikes out swinging
|
Batting: RHB Danny Forbes
|
0-0: Called Strike 0-1: Reached on error, E6 (Groundball, 6S, EV 94.4 MPH)
|
Batting: RHB Sergio Andrada
|
0-0: Called Strike 0-1: Ball 1-1: Called Strike 1-2: Ball 2-2: Strikes out looking
|
Bottom of the 2nd over - 0 runs, 0 hits, 1 error, 1 left on base; University of Florida 0 - University of Nebraska 0 |
TOP OF THE 3RD |
University of Florida Gators batting - Pitching for University of Nebraska Cornhuskers : RHP Russ Robinson
|
Batting: RHB Malmoud Tarik
|
0-0: Called Strike 0-1: Ball 1-1: Ball 2-1: Swinging Strike 2-2: Fly out, F3 (Popup, 3SF, EV 72.5 MPH)
|
Batting: RHB Luis Arroyo
|
0-0: Ball 1-0: Foul Ball, location: 2F 1-1: Called Strike 1-2: Foul Ball, location: 2F 1-2: Ball 2-2: SOLO HOME RUN (Flyball, 7D, EV 110.6 MPH), Distance : 404 ft
|
Batting: RHB Hyeon-cheong Lee
|
0-0: Ball 1-0: Called Strike 1-1: Ball 2-1: Ground out 1-4-3 (Groundball, 15S, EV 102.5 MPH)
|
Batting: RHB Matt Ladd
|
0-0: Called Strike 0-1: Called Strike 0-2: Ball 1-2: Foul Ball, location: 2F 1-2: SINGLE (Line Drive, 89S, EV 88.1 MPH)
|
Batting: RHB George Bigalow
|
0-0: Ball 1-0: Called Strike 1-1: Ball 2-1: Ball 3-1: Base on Balls Matt Ladd to second
|
Batting: RHB Liann-wei Tian
|
0-0: Swinging Strike 0-1: Ball 1-1: Fly out, F6 (Popup, 6S, EV 70.6 MPH)
|
Top of the 3rd over - 1 run, 2 hits, 0 errors, 2 left on base; University of Florida 1 - University of Nebraska 0 |
BOTTOM OF THE 3RD |
University of Nebraska Cornhuskers batting - Pitching for University of Florida Gators : LHP Antonio Mendoza
|
Batting: RHB Tyler Cohen
|
0-0: Fly out, F7 (Line Drive, 7, EV 85.6 MPH)
|
Batting: LHB Luis Ponce
|
0-0: Foul Ball, location: 2F 0-1: Ball 1-1: Ground out 6-3 (Groundball, 6MS, EV 81.9 MPH)
|
Batting: LHB Lupe Garcia
|
0-0: Foul Ball, location: 2F 0-1: Ball 1-1: Called Strike 1-2: Strikes out swinging
|
Bottom of the 3rd over - 0 runs, 0 hits, 0 errors, 0 left on base; University of Florida 1 - University of Nebraska 0 |
TOP OF THE 4TH |
University of Florida Gators batting - Pitching for University of Nebraska Cornhuskers : RHP Russ Robinson
|
Batting: RHB Mike Paynter
|
0-0: Called Strike 0-1: SINGLE (Groundball, 4M, EV 104.4 MPH)
|
Batting: RHB Eric Amaya
|
0-0: Called Strike 0-1: Swinging Strike 0-2: Reached on error, E4 (Groundball, 4, EV 86.9 MPH) Mike Paynter to second
|
Batting: RHB Rafael Casas
|
0-0: Ball 1-0: Foul Ball, location: 2F 1-1: Swinging Strike 1-2: 3-RUN HOME RUN (Flyball, 89XD, EV 108.1 MPH), Distance : 423 ft
|
Batting: RHB Malmoud Tarik
|
0-0: Ball 1-0: Foul Ball, location: 2F 1-1: SINGLE (Line Drive, 8LS, EV 93.8 MPH)
|
Batting: RHB Luis Arroyo
|
0-0: Ball 1-0: Ball 2-0: Called Strike 2-1: Called Strike 2-2: Strikes out swinging
|
Pinch Hitting: RHB Adrian Lough
|
0-0: Ball 1-0: Foul Ball, location: 2F 1-1: Called Strike 1-2: Foul Ball, location: 2F 1-2: Ball 2-2: Foul Ball, location: 2F 2-2: Foul Ball, location: 2F 2-2: Hit by Pitch Malmoud Tarik to second
|
Pitching: RHP Sean King
|
|
Batting: LHB Jonas Lynn
|
0-0: Called Strike 0-1: Ball 1-1: Ball 2-1: Ball 3-1: Base on Balls Malmoud Tarik to third Adrian Lough to second
|
Pinch Hitting: RHB Jin-hoi Hur
|
0-0: Called Strike 0-1: Ball 1-1: SINGLE (Groundball, 25, EV 63.8 MPH) (infield hit) Malmoud Tarik scores Adrian Lough to third Jonas Lynn to second
|
Batting: RHB Liann-wei Tian
|
0-0: Grounds into double play, 3-6-3 (Groundball, 34S, EV 85.0 MPH)
|
Top of the 4th over - 4 runs, 4 hits, 1 error, 2 left on base; University of Florida 5 - University of Nebraska 0 |
BOTTOM OF THE 4TH |
University of Nebraska Cornhuskers batting - Pitching for University of Florida Gators : LHP Antonio Mendoza
|
Now at 2B: Jin-hoi Hur
|
|
Now in CF: Adrian Lough
|
|
Batting: LHB Jose Simental
|
0-0: Ball 1-0: Ball 2-0: Called Strike 2-1: Ground out 4-3 (Groundball, 4MS, EV 83.8 MPH)
|
Batting: SHB Ed Thorpe Jr.
|
0-0: Foul Ball, location: 2F 0-1: Ground out 5-3 (Groundball, 56, EV 102.5 MPH)
|
Batting: LHB Bob Appleby
|
0-0: Called Strike 0-1: DOUBLE (Line Drive, 78D, EV 108.8 MPH)
|
Batting: RHB Alex Gonzalez
|
0-0: Ball 1-0: Called Strike 1-1: Reached on error, E5 (Groundball, 56S, EV 83.1 MPH) Bob Appleby to third
|
Batting: RHB Danny Forbes
|
0-0: Called Strike 0-1: Ball 1-1: Called Strike 1-2: Ball 2-2: Strikes out looking
|
Bottom of the 4th over - 0 runs, 1 hit, 1 error, 2 left on base; University of Florida 5 - University of Nebraska 0 |
TOP OF THE 5TH |
University of Florida Gators batting - Pitching for University of Nebraska Cornhuskers : RHP Sean King
|
Pinch Hitting: RHB Joe Gilbert
|
0-0: Called Strike 0-1: Ball 1-1: Ball 2-1: Ball 3-1: Base on Balls
|
Batting: RHB Eric Amaya
|
0-0: Foul Ball, location: 2F 0-1: Ground out 4-3 (Groundball, 34, EV 110.0 MPH) Joe Gilbert to second
|
Batting: RHB Rafael Casas
|
0-0: Ball 1-0: Foul Ball, location: 2F 1-1: Ball 2-1: Ball 3-1: Base on Balls
|
Batting: RHB Malmoud Tarik
|
0-0: Ball 1-0: Fielders Choice at 2nd, 3-6 (Groundball, 23, EV 84.4 MPH) Joe Gilbert to third
|
Batting: RHB Luis Arroyo
|
0-0: Foul Ball, location: 2F 0-1: Foul Ball, location: 2F 0-2: Foul Ball, location: 2F 0-2: Ball 1-2: SINGLE (Line Drive, 9S, EV 105.0 MPH) Joe Gilbert scores Malmoud Tarik to second
|
Batting: RHB Adrian Lough
|
0-0: Called Strike 0-1: Ground out 4-3 (Groundball, 4, EV 85.6 MPH)
|
Top of the 5th over - 1 run, 1 hit, 0 errors, 2 left on base; University of Florida 6 - University of Nebraska 0 |
BOTTOM OF THE 5TH |
University of Nebraska Cornhuskers batting - Pitching for University of Florida Gators : LHP Antonio Mendoza
|
Now at 3B: George Hyde
|
|
Now in LF: Joe Gilbert
|
|
Batting: RHB Sergio Andrada
|
0-0: Ball 1-0: Foul Ball, location: 2F 1-1: Ball 2-1: Ball 3-1: Called Strike 3-2: Strikes out swinging
|
Batting: RHB Tyler Cohen
|
0-0: Ball 1-0: Called Strike 1-1: Foul Ball, location: 2F 1-2: Strikes out looking
|
Batting: LHB Luis Ponce
|
0-0: Foul Ball, location: 2F 0-1: Ball 1-1: Ball 2-1: Ground out 4-3 (Groundball, 4, EV 93.1 MPH)
|
Bottom of the 5th over - 0 runs, 0 hits, 0 errors, 0 left on base; University of Florida 6 - University of Nebraska 0 |
TOP OF THE 6TH |
University of Florida Gators batting - Pitching for University of Nebraska Cornhuskers : RHP Sean King
|
Now at C: Joe McLaughlin
|
|
Batting: LHB Jonas Lynn
|
0-0: Called Strike 0-1: Foul Ball, location: 2F 0-2: Ball 1-2: Ball 2-2: Foul Ball, location: 2F 2-2: Ball 3-2: SINGLE (Groundball, 34D, EV 98.1 MPH)
|
Batting: RHB Jin-hoi Hur
|
0-0: Ball Wild Pitch! Jonas Lynn to second 1-0: Ball 2-0: Fly out, F2 (Popup, 2RF, EV 87.5 MPH)
|
Pitching: RHP Jose Arredondo
|
|
Batting: RHB Liann-wei Tian
|
0-0: Ball 1-0: Ball 2-0: Foul Ball, location: 2F 2-1: Fly out, F9 (Flyball, 9, EV 83.8 MPH)
|
Batting: RHB Joe Gilbert
|
0-0: Ball 1-0: Swinging Strike 1-1: Ball 2-1: Called Strike 2-2: Strikes out swinging
|
Top of the 6th over - 0 runs, 1 hit, 0 errors, 1 left on base; University of Florida 6 - University of Nebraska 0 |
BOTTOM OF THE 6TH |
University of Nebraska Cornhuskers batting - Pitching for University of Florida Gators : LHP Antonio Mendoza
|
Pitching: RHP Ulbert Beltman
|
|
Batting: LHB Mike Rawson
|
0-0: Swinging Strike 0-1: Swinging Strike 0-2: Foul Ball, location: 2F 0-2: Ball 1-2: Strikes out swinging
|
Pinch Hitting: RHB Mario Lopec
|
0-0: Called Strike 0-1: Foul Ball, location: 2F 0-2: Ball 1-2: Ground out 4-3 (Groundball, 4, EV 78.8 MPH)
|
Batting: SHB Ed Thorpe Jr.
|
0-0: Foul Ball, location: 2F 0-1: Ball 1-1: Foul Ball, location: 2F 1-2: SINGLE (Groundball, 4MD, EV 100.0 MPH)
|
Pinch Hitting: LHB Kevin Brannon
|
0-0: Swinging Strike 0-1: Foul Ball, location: 2F 0-2: Ball 1-2: Strikes out swinging
|
Bottom of the 6th over - 0 runs, 1 hit, 0 errors, 1 left on base; University of Florida 6 - University of Nebraska 0 |
TOP OF THE 7TH |
University of Florida Gators batting - Pitching for University of Nebraska Cornhuskers : RHP Jose Arredondo
|
Now at 2B: Carlos Salazar
|
|
Now at SS: Mario Lopec
|
|
Now in RF: Kevin Brannon
|
|
Batting: RHB Eric Amaya
|
0-0: Called Strike 0-1: Ball 1-1: Ball 2-1: Foul Ball, location: 2F 2-2: Ball 3-2: Hit by Pitch
|
Batting: RHB Rafael Casas
|
0-0: Called Strike 0-1: Foul Ball, location: 2F 0-2: Ball 1-2: Ball Wild Pitch! Eric Amaya to second 2-2: Ball 3-2: Base on Balls
|
Batting: RHB George Hyde
|
0-0: SINGLE (Line Drive, 7S, EV 95.6 MPH) Eric Amaya to third Rafael Casas to second Runner from 3rd tries for Home, SAFE, throw by LF to home
|
Batting: RHB Luis Arroyo
|
0-0: Fielders Choice at 2nd, 5-4 (Groundball, 5, EV 87.5 MPH) Rafael Casas to third
|
Batting: RHB Adrian Lough
|
0-0: Ball 1-0: SINGLE (Line Drive, 8LS, EV 90.0 MPH) Rafael Casas scores Luis Arroyo to second
|
Batting: LHB Jonas Lynn
|
0-0: Foul Ball, location: 2F 0-1: Ball Passed Ball! Luis Arroyo to third Adrian Lough to second 1-1: Ball 2-1: Ball 3-1: Base on Balls
|
Batting: RHB Jin-hoi Hur
|
0-0: Ball 1-0: Called Strike 1-1: Foul Ball, location: 2F 1-2: Ball 2-2: Strikes out swinging
|
Batting: RHB Liann-wei Tian
|
0-0: Ball 1-0: Ball 2-0: Ball 3-0: Base on Balls Luis Arroyo scores Adrian Lough to third Jonas Lynn to second
|
Batting: RHB Joe Gilbert
|
0-0: Ball 1-0: Called Strike 1-1: Ball 2-1: Foul Ball, location: 2F 2-2: Strikes out looking
|
Top of the 7th over - 3 runs, 2 hits, 0 errors, 3 left on base; University of Florida 9 - University of Nebraska 0 |
BOTTOM OF THE 7TH |
University of Nebraska Cornhuskers batting - Pitching for University of Florida Gators : RHP Ulbert Beltman
|
Pitching: LHP Jamal Miles
|
|
Batting: RHB Carlos Salazar
|
0-0: Called Strike 0-1: Ball 1-1: Foul Ball, location: 2F 1-2: Ball 2-2: Fly out, F8 (Line Drive, 8LD, EV 88.8 MPH)
|
Batting: RHB Danny Forbes
|
0-0: Ball 1-0: Ball 2-0: Ball 3-0: Called Strike 3-1: Base on Balls
|
Batting: RHB Sergio Andrada
|
0-0: Swinging Strike 0-1: Ball Wild Pitch! Danny Forbes to second 1-1: Ground out 6-3 (Groundball, 6, EV 85.6 MPH)
|
Batting: RHB Joe McLaughlin
|
0-0: Called Strike 0-1: Ball 1-1: Foul Ball, location: 2F 1-2: Foul Ball, location: 2F 1-2: Foul Ball, location: 2F 1-2: Strikes out swinging
|
Bottom of the 7th over - 0 runs, 0 hits, 0 errors, 1 left on base; University of Florida 9 - University of Nebraska 0 |
TOP OF THE 8TH |
University of Florida Gators batting - Pitching for University of Nebraska Cornhuskers : RHP Jose Arredondo
|
Pitching: RHP Frank Saslove
|
|
Batting: RHB Eric Amaya
|
0-0: Called Strike 0-1: Foul Ball, location: 2F 0-2: Ball 1-2: Ball 2-2: Strikes out swinging
|
Batting: RHB Rafael Casas
|
0-0: Called Strike 0-1: Ball 1-1: Ball 2-1: Foul Ball, location: 2F 2-2: Strikes out swinging
|
Batting: RHB George Hyde
|
0-0: Called Strike 0-1: Fly out, F9 (Line Drive, 9, EV 88.1 MPH)
|
Top of the 8th over - 0 runs, 0 hits, 0 errors, 0 left on base; University of Florida 9 - University of Nebraska 0 |
BOTTOM OF THE 8TH |
University of Nebraska Cornhuskers batting - Pitching for University of Florida Gators : LHP Jamal Miles
|
Batting: LHB Luis Ponce
|
0-0: Ball 1-0: Foul Ball, location: 2F 1-1: Swinging Strike 1-2: Strikes out swinging
|
Batting: LHB Jamie Corbin
|
0-0: Called Strike 0-1: Ground out 6-3 (Groundball, 6, EV 105.6 MPH)
|
Batting: RHB Mario Lopec
|
0-0: Foul Ball, location: 2F 0-1: Foul Ball, location: 2F 0-2: Strikes out swinging
|
Bottom of the 8th over - 0 runs, 0 hits, 0 errors, 0 left on base; University of Florida 9 - University of Nebraska 0 |
TOP OF THE 9TH |
University of Florida Gators batting - Pitching for University of Nebraska Cornhuskers : RHP Frank Saslove
|
Pitching: RHP Kevin Knickle
|
|
Pinch Hitting: RHB Ovidiu Kober
|
0-0: Foul Ball, location: 2F 0-1: Swinging Strike 0-2: Ball 1-2: Strikes out swinging
|
Batting: RHB Adrian Lough
|
0-0: Called Strike 0-1: Ball 1-1: Called Strike 1-2: Strikes out swinging
|
Batting: LHB Jonas Lynn
|
0-0: SINGLE (Groundball, 6MD, EV 108.1 MPH)
|
Batting: RHB Jin-hoi Hur
|
0-0: Swinging Strike 0-1: Ball 1-1: Foul Ball, location: 2F 1-2: Fly out, F8 (Flyball, 8LD, EV 77.5 MPH)
|
Top of the 9th over - 0 runs, 1 hit, 0 errors, 1 left on base; University of Florida 9 - University of Nebraska 0 |
BOTTOM OF THE 9TH |
University of Nebraska Cornhuskers batting - Pitching for University of Florida Gators : LHP Jamal Miles
|
Pitching: RHP Kualii Amoka
|
|
Now at C: Ovidiu Kober
|
|
Batting: SHB Ed Thorpe Jr.
|
0-0: Swinging Strike 0-1: Called Strike 0-2: Strikes out swinging
|
Pinch Hitting: RHB Nick Hernandes
|
0-0: Ball 1-0: Ball 2-0: Foul Ball, location: 2F 2-1: Foul Ball, location: 2F 2-2: Strikes out swinging
|
Pinch Hitting: RHB Greg Oxford
|
0-0: Ground out 4-3 (Groundball, 4, EV 106.2 MPH)
|
Bottom of the 9th over - 0 runs, 0 hits, 0 errors, 0 left on base; University of Florida 9 - University of Nebraska 0 |
|